AoeStats
← Barón de la Cerveza

Arena

508316670Analyzed
1v1 RM · 12d ago on Sep 21, 2026· 30m 44s· 2 players
Game mode
Random Map
Map size
Tiny (2 player)
Population
200
Speed
Normal
Resources
Standard
Victory
Conquest
Starting age
Dark Age
Ending age
Imperial Age
RankedLock teamsTeams togetherTeam positionsShared explorationLock speedFull tech treeHidden civsTurbo modeCheats
Victory
Defeat
🇺🇸 Spanish · United States
2126
+7
1911
-7
Barón de la Cerveza
3:54 Double-Bit Axe
7:34 Horse Collar
11:53 Feudal Age
11:16 Loom
18:12 Castle Age
18:05 Bow Saw
17:56 Stone Mining
25:36 Fervor
31:53 Imperial Age
30:10 Gold Mining
31:31 Wheelbarrow
JOJO ROAD ROLLER
8:25 Feudal Age
9:04 Loom
9:56 Fletching
15:36 Double-Bit Axe
20:07 Town Watch
23:14 Castle Age
21:51 Horse Collar
24:44 Bow Saw
30:20 Imperial Age
29:25 Sanctity
31:22 Redemption
31:34 Block Printing
Connection lost

Rejoining the realm…

Still unreachable

The connection could not be restored.

Session expired

The server has moved on; the page needs a fresh start.